 Dungeon Crawl Stone Soup version 0.18-a0-1639-g7533f42 (webtiles) character file.

36 4thArraOfDagon the Skirmisher (level 3, -2/29 HPs)
             Began as a Human Fighter on Mar 27, 2016.
             Was an Initiate of Okawaru.
             Killed from afar by Natasha (6 damage)
             ... with a magic dart
             ... on level 3 of the Dungeon.
             The game lasted 00:02:37 (536 turns).

4thArraOfDagon the Skirmisher (Human Fighter)        Turns: 536, Time: 00:02:37

Health: -2/29      AC:  6    Str: 17    XL:     3   Next: 57%
Magic:  3/3        EV:  7    Int:  8    God:    Okawaru [......]
Gold:   0          SH:  9    Dex: 12    Spells: 0 memorised, 2 levels left

rFire  . . .     SeeInvis .     n - +0 blowgun
rCold  . . .     Gourm    .     b - +0 scale mail
rNeg   . . .     Faith    .     c - +0 shield
rPois  .         Spirit   .     (no helmet)
rElec  .         Dismiss  .     (no cloak)
rCorr  .         Reflect  .     (no gloves)
SustAt .         Harm     .     (no boots)
MR     +....                    j - amulet of magic regeneration
Stlth  ..........               (no ring)
                                e - ring of protection from magic

@: somewhat resistant to hostile enchantments, extremely unstealthy
A: no striking features
a: Renounce Religion


You were on level 3 of the Dungeon.
You worshipped Okawaru.
Okawaru was noncommittal.
You were not hungry.

You visited 1 branch of the dungeon, and saw 3 of its levels.

Inventory:

Hand Weapons
 a - a +0 war axe
 n - a +0 blowgun (weapon)
Missiles
 o - 3 poisoned needles (quivered)
Armour
 b - a +0 scale mail (worn)
 c - a +0 shield (worn)
Jewellery
 e - a ring of protection from magic (left hand)
 j - an amulet of magic regeneration (around neck)
Scrolls
 g - a scroll of fog {unknown}
 h - a scroll of random uselessness {unknown}
 i - 3 scrolls of identify {unknown}
 l - a scroll of remove curse {unknown}
Potions
 d - a potion of might
Comestibles
 f - a bread ration
 m - 2 fruits


   Skills:
 + Level 3.4 Fighting
 * Level 2.8 Axes
 + Level 3.3 Armour
 - Level 3.0 Shields
 + Level 0.7 Invocations


You had 2 spell levels left.
You didn't know any spells.

Dungeon Overview and Level Annotations

Branches:
Dungeon (3/15)

Altars:
Okawaru

Annotations:
D:3 Natasha


Message History

Natasha's fingertips start to glow.
Unknown command.
Firing (i - inventory):
o - 5 poisoned needles (quivered)
Press: ? - help, Shift-Dir - straight line, f - Natasha
Aim: Natasha You shoot a poisoned needle.
The poisoned needle hits Natasha!
Natasha is poisoned.
Unknown command.
Unknown command.
Unknown command.
Unknown command.
Firing (i - inventory):
o - 4 poisoned needles (quivered)
Press: ? - help, Shift-Dir - straight line, f/p - Natasha
Aim: Natasha (lightly wounded, poisoned)
You shoot a poisoned needle. The poisoned needle hits Natasha!
Natasha looks even sicker.
Natasha is lightly wounded.
Natasha casts a spell at you. The magic dart hits you!
You die...

.#.........# #....(.#.# #.....#
.#....#.#.## #......#.# #.....#
.#.........# #......#.# #.....#
#.....#.#.## #........# #..(..#
#..........###........#.#.†(.)#
#.....#.#.###.........#.....#.#
#.(........##.......#.#####.#.#
#.#####.#.###.......)..((...# #
#.# .....###..@..###.###### #.#
##.#.#####.#(..#.... #.#
#..........#'#.#...##
#.#####.#.#......h..#.#.#
#...................#. ..
#.#####.#.#....#....#. #.#
#..............#..).#. .#
..#####.#.#....#....#
..............##....#


You could see Natasha.

Vanquished Creatures
  An adder (D:3)
  2 worms
  2 giant cockroaches
  2 goblins
  A hobgoblin (D:1)
  2 jackals (D:2)
  4 bats
  5 kobolds
19 creatures vanquished.

Notes
Turn   | Place    | Note
--------------------------------------------------------------
     0 | D:1      | 4thArraOfDagon the Human Fighter began the quest for the Orb.
     0 | D:1      | Reached XP level 1. HP: 18/18 MP: 1/1
   157 | D:2      | Reached XP level 2. HP: 24/24 MP: 2/2
   164 | D:2      | Pai: Death adder!
   210 | D:2      | Found an iron altar of Okawaru.
   216 | D:2      | Became a worshipper of Warmaster Okawaru
   483 | D:3      | Reached XP level 3. HP: 22/29 MP: 3/3
   491 | D:3      | 4thArraOfDagon: :)
   501 | D:3      | HP: 1/29 [poisoned by an adder]
   508 | D:3      | Noticed Natasha
   536 | D:3      | Killed from afar by Natasha

Vault maps used:
D:1:      zaba_arrival_water
D:2:      mumra_celtic_spiral_tile, nicolae_overflow_crystal_walls,
          cheibriados_altar_1
D:3:      first_bread, st_stairs_13, kennysheep_minor_cross, uniq_iyjb,
          uniq_natasha

Action                   || total
-------------------------++-------
Melee: War axe           ||    43
 Fire: Blowgun           ||     9
